 Dungeon Crawl Stone Soup version 0.30-a0-737-gf23d94013f (webtiles) character file.

Game seed: 6693963157519278803

239 junb69 the Changer (level 6, -5/38 HPs)
             Began as an Octopode Transmuter on Feb 2, 2023.
             Killed by divine providence
             ... invoked by an orc priest
              (13 damage)
             ... on level 4 of the Dungeon.
             The game lasted 00:06:45 (3230 turns).

junb69 the Changer (Octopode Transmuter)            Turns: 3230, Time: 00:06:46

Health: -5/38      AC:  1    Str:  9    XL:     6   Next: 7%
Magic:  9/10       EV: 28    Int: 17    God:
Gold:   139        SH:  0    Dex: 13    Spells: 6/11 levels left

rFire   . . .      SeeInvis .      - Unarmed
rCold   . . .      Faith    .    (no shield)
rNeg    . . .      Spirit   .    (helmet restricted)
rPois   .          Reflect  .    c - amulet of the acrobat
rElec   .          Harm     .    (no ring)
rCorr   .          Rampage  .    (no ring)
Will    .....                    (no ring)
Stlth   ++                       (no ring)
HPRegen 0.26/turn                (no ring)
MPRegen 0.12/turn                (no ring)
                                 (no ring)
                                 (no ring)

@: acrobatic
A: almost no armour, amphibious, 8 rings, camouflage 1, gelatinous body 1,
(nimble swimmer 1), tentacles
a: no special abilities


You were on level 4 of the Dungeon.
You visited 1 branch of the dungeon, and saw 4 of its levels.

You collected 139 gold pieces.

Inventory:

Jewellery
 c - an amulet of the acrobat (around mantle)
Scrolls
 b - 2 scrolls of teleportation {unknown}
 d - a scroll of amnesia {unknown}
 g - 2 scrolls of identify {unknown}
 k - 3 scrolls of fog {unknown}
 m - a scroll of poison {unknown}
 q - a scroll of noise {unknown}
 r - a scroll of vulnerability {unknown}
Potions
 a - 2 potions of curing
 e - 2 potions of brilliance {unknown}
 f - 5 potions of degeneration {unknown}
 h - 2 potions of invisibility {unknown}
 i - 2 potions of heal wounds {unknown}
 j - a potion of resistance {unknown}
 l - 2 potions of ambrosia {unknown}
 n - a potion of flight
 o - a potion of lignification
 p - a potion of haste {unknown}


   Skills:
 - Level 1.0 Fighting
 - Level 2.0 Dodging
 - Level 3.3 Unarmed Combat
 - Level 3.0 Spellcasting
 * Level 4.0 Transmutations
 * Level 3.3 Ice Magic


You had 6 spell levels left.
You knew the following spells:

 Your Spells              Type           Power      Damage    Failure   Level
a - Beastly Appendage     Tmut           32%        N/A       3%          1
b - Ice Form              Ice/Tmut       15%        N/A       36%         4

Your spell library contained the following spells:

 Spells                   Type           Power      Damage    Failure   Level
 Wereblood                Tmut           16%        N/A       4%          2
 Kiss of Death            Conj/Necr      8%         2d6       17%         1
 Spider Form              Tmut/Pois      9%         N/A       22%         3
 Cigotuvi's Dreadful Rot  Necr/Pois/Air  4%         N/A       26%         2
 Poisonous Vapours        Pois/Air       4%         N/A       26%         2
 Static Discharge         Conj/Air       4%         2-3/arc   26%         2
 Confusing Touch          Hex            2%         N/A       45%         3
 Mephitic Cloud           Conj/Pois/Air  2%         N/A       45%         3
 Vhi's Electric Charge    Tloc/Air       4%         N/A       45%         3
 Dispel Undead            Necr           2%         3d7       86%         4
 Yara's Violent Unravell  Hex/Tmut       4%         3d4       91%         5
 Arcjolt                  Conj/Air       1%         1d11      99%         5
 Lightning Bolt           Conj/Air       1%         1d12      99%         5
 Enfeeble                 Hex            1%         N/A       100%        7


Dungeon Overview and Level Annotations

Branches:
Dungeon (4/15)
 Temple: D:4-7

Altars:


Innate Abilities, Weirdness & Mutations

You cannot wear most types of armour.
You are amphibious.
You can wear up to eight rings at the same time.
Your skin changes colour to match your surroundings (Stealth+).
Your rubbery body absorbs attacks. (AC +1, EV +1)
((You are camouflaged when in or above water. (Stealth+)))
You have tentacles for arms and can constrict up to eight enemies at once.


Message History

Things that are here:
a +0 giant club; an ogre corpse You start resting.
Magic restored.
An orc priest and an orc wizard come into view.
The orc wizard shouts!
You hear a shout!
An orc comes into view. It is wielding a +0 hand axe.
Found a potion of flight.
The orc moves out of view.
An orc comes into view. It is wielding a +0 flail.
The orc priest shouts!
You hear a shout! x2
Casting: Ice Form (extremely dangerous; 36% risk of failure)
Confirm with . or Enter, or press ? or * to list all spells.
The spell is extremely dangerous to miscast (36% risk of failure)!
Continue anyway?
You miscast Ice Form.
You are very lightly contaminated with residual magic.
You feel extremely cold!
Things that are here:
a +0 giant club; an ogre corpse You hear the brisk rusting of a drain very nearby.
A jackal comes into view.
A jackal comes into view.
The jackal attacks as you move away! The jackal completely misses you.
The jackal attacks as you move away! The jackal completely misses you.
The jackal completely misses you.
The orc wizard gestures wildly while chanting.
The orc wizard flickers and vanishes!
Deactivating autopickup; reactivate with Ctrl-A.
The jackal closely misses you.
Your magical contamination has completely faded away.
The orc priest calls down the wrath of Beogh upon you.
Beogh smites you!
* * * LOW HITPOINT WARNING * * *
The orc priest miscasts a cantrip.
The jackal completely misses you. The jackal attacks as you move away!
The jackal closely misses you. The jackal barely misses you.
The jackal attacks as you move away! The jackal misses you.
The orc priest mumbles some strange prayers to Beogh against you.
Beogh smites you!
You die...

....##..<...........#####.....#.h
..............## .W<.^#.#
....##........# ######.# ####
#........# ### ##.# #.#####.##
#.. ..# ##.# #.### #.#######..
#..# ...# #.........#
#.########.########oh...h.... #.#
#.รท.....@h..o..{#########
##.###.####.########## #......#
#.#### #..##### #....# ####
####.####### #........######
#.............####
#........####..... ##########
######


You could see an orc priest, an orc and a jackal.

Vanquished Creatures
  An ogre (D:4)
  3 gnolls
  6 adders
  A white imp (D:4)
  3 dart slugs
  2 orcs
  4 endoplasms
  4 giant cockroaches
  4 hobgoblins
  5 jackals
  3 quokkas
  3 ball pythons
  5 bats
  2 frilled lizards (D:1)
  3 goblins
  5 kobolds
  4 rats
58 creatures vanquished.

Notes
Turn   | Place    | Note
-------+----------+-------------------------------------------
     0 | D:1      | junb69 the Octopode Transmuter began the quest for the Orb.
     0 | D:1      | Reached XP level 1. HP: 13/13 MP: 3/3
   259 | D:1      | Reached XP level 2. HP: 17/18 MP: 5/5
   913 | D:2      | Reached XP level 3. HP: 23/23 MP: 4/6
  1084 | D:2      | Reached skill level 3 in Transmutations
  1354 | D:2      | Reached XP level 4. HP: 26/28 MP: 6/8
  1361 | D:2      | Learned a level 4 spell: Ice Form
  2030 | D:3      | Reached skill level 1 in Ice Magic
  2665 | D:3      | Reached XP level 5. HP: 31/33 MP: 9/9
  2856 | D:4      | Noticed a phantom
  3068 | D:4      | Noticed an ogre
  3117 | D:4      | Killed an ogre
  3118 | D:4      | Reached skill level 4 in Transmutations
  3118 | D:4      | Reached XP level 6. HP: 10/38 MP: 1/10
  3230 | D:4      | Killed from afar by an orc priest

Illustrated notes

Levels and vault maps discovered:
D:1:      lemuel_arrival_river_passageway, layout_loops_cross, minmay_tromino_v2
D:2:      layout_rooms
D:3:      layout_basic
D:4:      layout_rooms, gup_sewer_entry_spiral, uniq_crazy_yiuf_cottage

Skill      XL: |  1  2  3  4  5 |
---------------+----------------+-----
Transmutations | 3 4 |  4.0
Spellcasting   | 3 |  3.0
Ice Magic      | 2 3 |  3.3
Fighting       | |  1.0
Dodging        | |  2.0
Unarmed Combat | |  3.3

Action                     |  1- 3 |  4- 6 || total
---------------------------+-------+-------++-------
  Melee: Unarmed           |    78 |    58 ||   136
         Constrict         |    19 |    16 ||    35
         Tentacles         |    14 |    15 ||    29
         Kick              |    17 |    20 ||    37
         Punch             |     3 |     2 ||     5
   Cast: Beastly Appendage |    20 |    15 ||    35
         Ice Form          |       |     1 ||     1
    Use: Potion            |     4 |       ||     4
   Stab: Sleeping          |     3 |     2 ||     5
 Armour: Skin              |     5 |     3 ||     8
  Dodge: Dodged            |    52 |    59 ||   111

Table legend: (Time is in decaauts)
 A = Elapsed time spent in this place.
 B = Non-inter-level travel time spent in this place.
 C = Inter-level travel time spent in this place.
 D = Time resting spent in this place.
 E = Time spent auto-exploring this place.
 F = Levels seen in this place.
 G = Mean time per level.
                   A        B        C        D        E       F      G
               +--------+--------+--------+--------+--------+-----+--------+
         Total |   3221 |   3060 |    161 |    400 |   1960 |   4 |  805.2 |
       Dungeon |   3221 |   3060 |    161 |    400 |   1960 |   4 |  805.2 |
               +--------+--------+--------+--------+--------+-----+--------+

Top non-repeatable levels by time:
     D:3: 1369 daAuts
     D:1: 841 daAuts
     D:2: 652 daAuts
     D:4: 356 daAuts
